 Dungeon Crawl Stone Soup version 0.23-a0-554-gd3cbc84 (webtiles) character file.

777 Lavandula the Slicer (level 8, -1/46 HPs)
             Began as a Halfling Enchanter on Dec 10, 2018.
             Was an Initiate of Vehumet.
             Slain by a hog (12 damage)
             ... on level 6 of the Dungeon.
             The game lasted 00:16:35 (3517 turns).

Lavandula the Slicer (Halfling Enchanter)           Turns: 3517, Time: 00:16:36

Health: -1/46      AC:  4    Str:  9    XL:     8   Next: 10%
Magic:  2/12       EV: 15    Int: 15    God:    Vehumet [......]
Gold:   179        SH:  0    Dex: 15    Spells: 3/12 levels left

rFire    . . .     SeeInvis .   a - +1 dagger
rCold    . . .     Gourm    .   (shield restricted)
rNeg     . . .     Faith    .   b - +0 robe
rPois    .         Spirit   .   t - +1 helmet
rElec    .         Reflect  .   (no cloak)
rCorr    .         Harm     .   (no gloves)
MR       .....                  (no boots)
Stlth    ++........             p - amulet of regeneration
HPRegen  0.55/turn              (no ring)
MPRegen  0.13/turn              (no ring)

@: very slightly contaminated
A: small, mutation resistance 1
a: Renounce Religion


You were on level 6 of the Dungeon.
You worshipped Vehumet.
Vehumet was noncommittal.
You were very hungry.

You visited 1 branch of the dungeon, and saw 7 of its levels.

You collected 179 gold pieces.

Inventory:

Hand Weapons
 a - a +1 dagger (weapon)
 k - a +0 blowgun
Missiles
 l - 37 poisoned needles
Armour
 b - a +0 robe (worn)
 t - a +1 helmet (worn)
Magical Staves
 s - an uncursed staff of air
Jewellery
 p - an amulet of regeneration (around neck)
Wands
 j - a wand of iceblast (1)
 n - a wand of digging (3)
Scrolls
 f - 3 scrolls of teleportation
 h - 3 scrolls of remove curse
 o - 3 scrolls of amnesia
 q - a scroll of fog
 r - a scroll of fear
 u - a scroll of random uselessness {unknown}
 v - a scroll of identify
Potions
 c - a potion of mutation {unknown}
 e - 2 potions of ambrosia
 g - 2 potions of heal wounds
 i - 3 potions of curing {unknown}
 m - a potion of haste {unknown}
Comestibles
 d - 9 rations


   Skills:
 - Level 8.2 Short Blades
 - Level 2.1 Dodging
 - Level 3.2 Stealth
 - Level 2.7 Spellcasting
 - Level 3.0 Conjurations
 - Level 2.4 Hexes


You had 3 spell levels left.
You knew the following spells:

 Your Spells              Type           Power        Failure   Level  Hunger
a - Corona                Hex            #......      8%          1    #......
b - Ensorcelled Hibernat  Hex/Ice        #.....       19%         2    ##.....
c - Dazzling Spray        Conj/Hex       ##....       21%         3    ###....
d - Confuse               Hex            #.......     22%         3    ###....

Your spell library contained the following spells:

 Spells                   Type           Power        Failure   Level  Hunger
 Sting                    Conj/Pois      #...         11%         1    #......
 Tukima's Dance           Hex            #.......     22%         3    ###....
 Poisonous Vapours        Pois/Air       #.....       30%         2    ##.....
 Mephitic Cloud           Conj/Pois/Air  #.......     38%         3    ###....
 Olgreb's Toxic Radiance  Pois           #.......     90%         4    #####..
 Venom Bolt               Conj/Pois      #.........   97%         5    ######.


Dungeon Overview and Level Annotations

Branches:
Dungeon (7/15)
 Temple: D:4-7

Altars:
Cheibriados
Elyvilon
Fedhas
Vehumet
Xom


Innate Abilities, Weirdness & Mutations

You are small and have problems with some larger weapons.
You are somewhat resistant to further mutation.


Message History

The hog bites you.
Your magical contamination has completely faded away.
The hog closely misses you. The hog bites you. The hog bites you.
There is a stone staircase leading up here.
The hog bites you!
* * * LOW HITPOINT WARNING * * *
You climb upwards.
There is a stone staircase leading down here.
Unknown command.
Casting: Ensorcelled Hibernation (safe; 19% risk of failure)
Confirm with . or Enter, or press ? or * to list all spells.
Aiming: Ensorcelled Hibernation (safe; 19% risk of failure)
Press: ? - help, Shift-Dir - straight line, f - hog
Aim: a hog (severely wounded, chance to defeat MR: 37%)
You miscast Ensorcelled Hibernation.
You are very lightly contaminated with residual magic.
A chill runs through your body. The hog bites you!
You die...

#.# #.# #.# #.# #.# #.# #.#
#.# #.# ######.##### #.#
#........... #.# #.####.#####
#### #h# #.# #.#
...#############@# #.# #.#
ยง................#####.####.#
##..........####............#
##########.# #.#####.######
#.# #.#####.....###### #5#
#.#...............
#.####.#.#######.#####.
#........# #.# #.
######.####### #.# #.


You could see a hog.

Vanquished Creatures
  A human (D:7)
  Menkaure (D:4)
  A sky beast (D:6)
  2 ogres (D:6)
  A howler monkey (D:4)
  A hound (D:6)
  An orc wizard (D:6)
  A hound skeleton (D:5)
  A worker ant zombie (D:7)
  5 adders
  A shadow imp (D:5)
  An ooze (D:3)
  A worm (D:3)
  2 dart slugs
  3 leopard geckos
  16 orcs
  3 bats
  3 giant cockroaches
  4 goblins
  4 hobgoblins
  5 jackals
  3 kobolds
  2 quokkas (D:3)
  A ball python (D:1)
  3 frilled lizards
  2 rats (D:3)
69 creatures vanquished.

Notes
Turn   | Place    | Note
-------+----------+-------------------------------------------
     0 | D:1      | Lavandula the Halfling Enchanter began the quest for the
                  | Orb.
     0 | D:1      | Reached XP level 1. HP: 11/11 MP: 3/3
    16 | D:1      | Reached skill level 2 in Short Blades
   347 | D:1      | Reached XP level 2. HP: 14/17 MP: 2/4
   438 | D:2      | Learned a level 2 spell: Ensorcelled Hibernation
   458 | D:2      | Reached skill level 3 in Short Blades
   542 | D:3      | Reached XP level 3. HP: 15/21 MP: 0/5
   722 | D:3      | Reached skill level 4 in Short Blades
   837 | D:3      | Reached XP level 4. HP: 24/27 MP: 0/6
  1265 | D:4      | Noticed Menkaure
  1271 | D:4      | Learned a level 3 spell: Dazzling Spray
  1300 | D:4      | Killed Menkaure
  1300 | D:4      | Reached skill level 6 in Short Blades
  1300 | D:4      | Reached XP level 5. HP: 29/31 MP: 7/7
  1300 | D:4      | Reached XP level 6. HP: 34/36 MP: 8/8
  1385 | D:4      | Reached skill level 7 in Short Blades
  1660 | D:4      | Found a snail-covered altar of Cheibriados.
  1664 | D:4      | Found a shimmering altar of Xom.
  1721 | D:5      | Entered Level 5 of the Dungeon
  2409 | D:5      | Found a radiant altar of Vehumet.
  2441 | D:5      | Became a worshipper of Vehumet
  2466 | D:6      | Noticed an ogre
  2468 | D:6      | Killed an ogre
  2468 | D:6      | Reached skill level 8 in Short Blades
  2476 | D:6      | Reached XP level 7. HP: 35/41 MP: 5/9
  2574 | D:6      | Reached skill level 1 in Conjurations
  2624 | D:6      | Found a blossoming altar of Fedhas.
  3160 | D:6      | Learned a level 3 spell: Confuse
  3227 | D:6      | Found a white marble altar of Elyvilon.
  3475 | D:7      | Noticed a hog
  3475 | D:7      | Noticed a human
  3475 | D:7      | Noticed a hog
  3476 | D:7      | Noticed a yak
  3476 | D:7      | Noticed a yak
  3482 | D:7      | Killed a human
  3482 | D:7      | Reached XP level 8. HP: 36/46 MP: 2/12
  3517 | D:6      | Slain by a hog

Vault maps used:
D:1:      lightli_arrival_chessboard, minmay_pentomino_t2
D:2:      uniq_robin
D:3:      chequers_garden
D:4:      minitemple, roderic_filled_cross, uniq_menkaure
D:5:      marbit_many_paths, nicolae_overflow_crystal_walls, first_ration
D:6:      kennysheep_mini, lemuel_coloured_pillars_altar,
          chequers_decorated_corner
D:7:      minmay_temple_entry_grid, grunt_livestock, xom_teletrap_fun

Skill      XL: |  1  2  3  4  5  6  7 |
---------------+----------------------+-----
Short Blades   | 2 3 4 6 8 |  8.2
Conjurations   | 3 |  3.0
Spellcasting   | 2 |  2.7
Dodging        | |  2.1
Stealth        | |  3.2
Hexes          | |  2.4

Action                   |  1- 3 |  4- 6 |  7- 9 || total
-------------------------+-------+-------+-------++-------
Melee: Dagger            |    96 |   106 |   103 ||   305
 Cast: Corona            |     7 |       |       ||     7
       Ensorcelled Hiber |     9 |    13 |    17 ||    39
       Dazzling Spray    |       |     2 |     7 ||     9
Evoke: Wand              |       |     2 |     1 ||     3
  Use: Scroll            |       |       |     7 ||     7
       Potion            |       |       |     1 ||     1
 Stab: Sleeping          |     8 |    12 |     3 ||    23
       Invisible         |       |     1 |     4 ||     5
       Distracted        |       |       |     1 ||     1
  Eat: Chunk             |     1 |     4 |     5 ||    10
       Ration            |       |     1 |       ||     1
Armor: Robe              |    12 |     6 |     9 ||    27
       Skin              |       |       |    30 ||    30
Dodge: Dodged            |    73 |    57 |    58 ||   188

Table legend:
 A = Non-vault XP
 B = Vault XP
 C = Vault XP percentage of total XP
 D = Non-vault monster count
 E = Vault monster count
 F = Vault count percentage of total count
                 A         B        C        D         E       F
            +---------+---------+-------+---------+---------+-------
      Total |     748 |     363 |  32.7 |      66 |       3 |   4.3
            +---------+---------+-------+---------+---------+-------
        D:1 |      17 |       2 |  10.5 |       8 |       1 |  11.1
        D:2 |       6 |       0 |   0.0 |       3 |       0 |   0.0
        D:3 |      75 |       0 |   0.0 |      25 |       0 |   0.0
        D:4 |     102 |     165 |  61.8 |      11 |       1 |   8.3
        D:5 |      51 |       0 |   0.0 |       6 |       0 |   0.0
        D:6 |     478 |       0 |   0.0 |      11 |       0 |   0.0
        D:7 |      19 |     196 |  91.2 |       2 |       1 |  33.3
            +---------+---------+-------+---------+---------+-------
